Workbook

Sheet Eingabe Business Case
B2: Business Case (Finanzielle Auswirkungen)
B4: Bitte das ausgefüllte Business Case Template an folgende E-Mail Adresse senden: budget@ethz.ch
B6: Alle Informationen (falls vorhanden) in den grauen Felder eingeben
B8: Kurze Beschreibung des Business Cases…
B12: Departement/SL-Einheit:
B13: Verantwortungsbereich (VB):
B14: KST/Projekt # (falls bereits vorhanden):
B16: Im letzten Rolling Forecast enthalten | E16: Bei Auswahl von Option Teilweise: Die im letzten Forecast/SM bereits enthaltenen Werte im zweiten Reiter "Finanzplanung" eingeben
B17: Im letzten Simulationsmodell enthalten
B19: in kCHF | C19: -2024 | D19: 2025 | E19: 2026 | F19: 2027 | G19: 2028 | H19: 2029 | I19: 2030 | J19: 2031 | K19: 2032 | L19: 2032+ | M19: Total 2025-2032 | N19: Total
B21: Einmalige Kosten | C21: =SUM(C22:C24) -> 0 | D21: =SUM(D22:D24) -> 0 | E21: =SUM(E22:E24) -> 0 | F21: =SUM(F22:F24) -> 0 | G21: =SUM(G22:G24) -> 0 | H21: =SUM(H22:H24) -> 0 | I21: =SUM(I22:I24) -> 0 | J21: =SUM(J22:J24) -> 0 | ... L21: =SUM(L22:L24) -> 0 | M21: =SUM(D21:K21) -> 0 | N21: =SUM(C21:L21) -> 0
B22: Personalkosten | M22: =SUM(D22:K22) -> 0 | N22: =SUM(C22:L22) -> 0
B23: Sachkosten ohne Investitionen | M23: =SUM(D23:K23) -> 0 | N23: =SUM(C23:L23) -> 0
B24: Investitionen | M24: =SUM(D24:K24) -> 0 | N24: =SUM(C24:L24) -> 0
B26: Jährlich laufende Kosten | C26: =SUM(C27:C28) -> 0 | D26: =SUM(D27:D28) -> 0 | E26: =SUM(E27:E28) -> 0 | F26: =SUM(F27:F28) -> 0 | G26: =SUM(G27:G28) -> 0 | H26: =SUM(H27:H28) -> 0 | I26: =SUM(I27:I28) -> 0 | J26: =SUM(J27:J28) -> 0 | ... L26: =SUM(L27:L28) -> 0 | M26: =SUM(D26:K26) -> 0 | N26: =SUM(C26:L26) -> 0
B27: Personalkosten | M27: =SUM(D27:K27) -> 0 | N27: =SUM(C27:L27) -> 0
B28: Sachkosten ohne Investitionen | M28: =SUM(D28:K28) -> 0 | N28: =SUM(C28:L28) -> 0
B30: Zusätzliche stichtag FTEs | M30: =SUM(D30:K30) -> 0 | N30: =SUM(C30:L30) -> 0
B32: Einnahmen | C32: =SUM(C33) -> 0 | D32: =SUM(D33) -> 0 | E32: =SUM(E33) -> 0 | F32: =SUM(F33) -> 0 | G32: =SUM(G33) -> 0 | H32: =SUM(H33) -> 0 | I32: =SUM(I33) -> 0 | J32: =SUM(J33) -> 0 | ... L32: =SUM(L33) -> 0 | M32: =SUM(D32:K32) -> 0 | N32: =SUM(C32:L32) -> 0
B33: Einnahmen | M33: =SUM(D33:K33) -> 0 | N33: =SUM(C33:L33) -> 0
B35: Kostenreduktion (in den Projektkosten oben nicht enthalten) | C35: =SUM(C36) -> 0 | D35: =SUM(D36) -> 0 | E35: =SUM(E36) -> 0 | F35: =SUM(F36) -> 0 | G35: =SUM(G36) -> 0 | H35: =SUM(H36) -> 0 | I35: =SUM(I36) -> 0 | J35: =SUM(J36) -> 0 | ... L35: =SUM(L36) -> 0 | M35: =SUM(D35:K35) -> 0 | N35: =SUM(C35:L35) -> 0
B36: Kostenreduktion | M36: =SUM(D36:K36) -> 0 | N36: =SUM(C36:L36) -> 0
B38: Reduktion stichtag FTEs | M38: =SUM(D38:K38) -> 0 | N38: =SUM(C38:L38) -> 0
B40: Finanzierung des Projektes:
B41: Grundauftrag/Zusatzbudget
B43: Die Finanzierung eines Projektes wird über Drittmittel geplant. Wie werden allfällige Finanzierungslücken gedeckt, falls die Drittmittel nicht ausreichen sollten?
B44: Erklärung…
B48: Allgemeine Bemerkungen:

Sheet letzte Finanzplanung
B2: Bereits in der letzten Finanzplanung (Rolling Forecast / Simulationsmodell) enthaltenen Werte
B4: in kCHF | C4: -2024 | D4: 2025 | E4: 2026 | F4: 2027 | G4: 2028 | H4: 2029 | I4: 2030 | J4: 2031 | K4: 2032 | L4: 2032+ | M4: Total 2025-2032 | N4: Total
B6: Einmalige Kosten | C6: =SUM(C7:C9) -> 0 | D6: =SUM(D7:D9) -> 0 | E6: =SUM(E7:E9) -> 0 | F6: =SUM(F7:F9) -> 0 | G6: =SUM(G7:G9) -> 0 | H6: =SUM(H7:H9) -> 0 | I6: =SUM(I7:I9) -> 0 | J6: =SUM(J7:J9) -> 0 | ... L6: =SUM(L7:L9) -> 0 | M6: =SUM(D6:K6) -> 0 | N6: =SUM(C6:L6) -> 0
B7: Personalkosten | M7: =SUM(D7:K7) -> 0 | N7: =SUM(C7:L7) -> 0
B8: Sachkosten ohne Investitionen | M8: =SUM(D8:K8) -> 0 | N8: =SUM(C8:L8) -> 0
B9: Investitionen | M9: =SUM(D9:K9) -> 0 | N9: =SUM(C9:L9) -> 0
B11: Jährlich laufende Kosten | C11: =SUM(C12:C13) -> 0 | D11: =SUM(D12:D13) -> 0 | E11: =SUM(E12:E13) -> 0 | F11: =SUM(F12:F13) -> 0 | G11: =SUM(G12:G13) -> 0 | H11: =SUM(H12:H13) -> 0 | I11: =SUM(I12:I13) -> 0 | J11: =SUM(J12:J13) -> 0 | ... L11: =SUM(L12:L13) -> 0 | M11: =SUM(D11:K11) -> 0 | N11: =SUM(C11:L11) -> 0
B12: Personalkosten | M12: =SUM(D12:K12) -> 0 | N12: =SUM(C12:L12) -> 0
B13: Sachkosten ohne Investitionen | M13: =SUM(D13:K13) -> 0 | N13: =SUM(C13:L13) -> 0
B15: Zusätzliche stichtag FTEs | M15: =SUM(D15:K15) -> 0 | N15: =SUM(C15:L15) -> 0
B17: Einnahmen | C17: =SUM(C18) -> 0 | D17: =SUM(D18) -> 0 | E17: =SUM(E18) -> 0 | F17: =SUM(F18) -> 0 | G17: =SUM(G18) -> 0 | H17: =SUM(H18) -> 0 | I17: =SUM(I18) -> 0 | J17: =SUM(J18) -> 0 | ... L17: =SUM(L18) -> 0 | M17: =SUM(D17:K17) -> 0 | N17: =SUM(C17:L17) -> 0
B18: Einnahmen | M18: =SUM(D18:K18) -> 0 | N18: =SUM(C18:L18) -> 0
B20: Kostenreduktion (in den Projektkosten oben nicht enthalten) | C20: =SUM(C21) -> 0 | D20: =SUM(D21) -> 0 | E20: =SUM(E21) -> 0 | F20: =SUM(F21) -> 0 | G20: =SUM(G21) -> 0 | H20: =SUM(H21) -> 0 | I20: =SUM(I21) -> 0 | J20: =SUM(J21) -> 0 | ... L20: =SUM(L21) -> 0 | M20: =SUM(D20:K20) -> 0 | N20: =SUM(C20:L20) -> 0
B21: Kostenreduktion | M21: =SUM(D21:K21) -> 0 | N21: =SUM(C21:L21) -> 0
B23: Reduktion stichtag FTEs | M23: =SUM(D23:K23) -> 0 | N23: =SUM(C23:L23) -> 0

Sheet Business Case vs. Finanzplanung
B2: Business Case vs. letzte Finanzplanung
B4: KEINE EINGABEFELDER - FORMELN
B6: in kCHF | C6: -2024 | D6: 2025 | E6: 2026 | F6: 2027 | G6: 2028 | H6: 2029 | I6: 2030 | J6: 2031 | K6: 2032 | L6: 2032+ | M6: Total 2025-2032 | N6: Total
B8: Einmalige Kosten | C8: =SUM(C9:C11) -> 0 | D8: =SUM(D9:D11) -> 0 | E8: =SUM(E9:E11) -> 0 | F8: =SUM(F9:F11) -> 0 | G8: =SUM(G9:G11) -> 0 | H8: =SUM(H9:H11) -> 0 | I8: =SUM(I9:I11) -> 0 | J8: =SUM(J9:J11) -> 0 | ... L8: =SUM(L9:L11) -> 0 | M8: =SUM(D8:K8) -> 0 | N8: =SUM(C8:L8) -> 0
B9: Personalkosten | C9: ='Eingabe Business Case'!C22-'letzte Finanzplanung'!C7 -> 0 | D9: ='Eingabe Business Case'!D22-'letzte Finanzplanung'!D7 -> 0 | E9: ='Eingabe Business Case'!E22-'letzte Finanzplanung'!E7 -> 0 | F9: ='Eingabe Business Case'!F22-'letzte Finanzplanung'!F7 -> 0 | G9: ='Eingabe Business Case'!G22-'letzte Finanzplanung'!G7 -> 0 | H9: ='Eingabe Business Case'!H22-'letzte Finanzplanung'!H7 -> 0 | I9: ='Eingabe Business Case'!I22-'letzte Finanzplanung'!I7 -> 0 | J9: ='Eingabe Business Case'!J22-'letzte Finanzplanung'!J7 -> 0 | ... L9: ='Eingabe Business Case'!L22-'letzte Finanzplanung'!L7 -> 0 | M9: =SUM(D9:K9) -> 0 | N9: =SUM(C9:L9) -> 0
B10: Sachkosten ohne Investitionen | C10: ='Eingabe Business Case'!C23-'letzte Finanzplanung'!C8 -> 0 | D10: ='Eingabe Business Case'!D23-'letzte Finanzplanung'!D8 -> 0 | E10: ='Eingabe Business Case'!E23-'letzte Finanzplanung'!E8 -> 0 | F10: ='Eingabe Business Case'!F23-'letzte Finanzplanung'!F8 -> 0 | G10: ='Eingabe Business Case'!G23-'letzte Finanzplanung'!G8 -> 0 | H10: ='Eingabe Business Case'!H23-'letzte Finanzplanung'!H8 -> 0 | I10: ='Eingabe Business Case'!I23-'letzte Finanzplanung'!I8 -> 0 | J10: ='Eingabe Business Case'!J23-'letzte Finanzplanung'!J8 -> 0 | ... L10: ='Eingabe Business Case'!L23-'letzte Finanzplanung'!L8 -> 0 | M10: =SUM(D10:K10) -> 0 | N10: =SUM(C10:L10) -> 0
B11: Investitionen | C11: ='Eingabe Business Case'!C24-'letzte Finanzplanung'!C9 -> 0 | D11: ='Eingabe Business Case'!D24-'letzte Finanzplanung'!D9 -> 0 | E11: ='Eingabe Business Case'!E24-'letzte Finanzplanung'!E9 -> 0 | F11: ='Eingabe Business Case'!F24-'letzte Finanzplanung'!F9 -> 0 | G11: ='Eingabe Business Case'!G24-'letzte Finanzplanung'!G9 -> 0 | H11: ='Eingabe Business Case'!H24-'letzte Finanzplanung'!H9 -> 0 | I11: ='Eingabe Business Case'!I24-'letzte Finanzplanung'!I9 -> 0 | J11: ='Eingabe Business Case'!J24-'letzte Finanzplanung'!J9 -> 0 | ... L11: ='Eingabe Business Case'!L24-'letzte Finanzplanung'!L9 -> 0 | M11: =SUM(D11:K11) -> 0 | N11: =SUM(C11:L11) -> 0
B13: Jährlich laufende Kosten | C13: =SUM(C14:C15) -> 0 | D13: =SUM(D14:D15) -> 0 | E13: =SUM(E14:E15) -> 0 | F13: =SUM(F14:F15) -> 0 | G13: =SUM(G14:G15) -> 0 | H13: =SUM(H14:H15) -> 0 | I13: =SUM(I14:I15) -> 0 | J13: =SUM(J14:J15) -> 0 | ... L13: =SUM(L14:L15) -> 0 | M13: =SUM(D13:K13) -> 0 | N13: =SUM(C13:L13) -> 0
B14: Personalkosten | C14: ='Eingabe Business Case'!C27-'letzte Finanzplanung'!C12 -> 0 | D14: ='Eingabe Business Case'!D27-'letzte Finanzplanung'!D12 -> 0 | E14: ='Eingabe Business Case'!E27-'letzte Finanzplanung'!E12 -> 0 | F14: ='Eingabe Business Case'!F27-'letzte Finanzplanung'!F12 -> 0 | G14: ='Eingabe Business Case'!G27-'letzte Finanzplanung'!G12 -> 0 | H14: ='Eingabe Business Case'!H27-'letzte Finanzplanung'!H12 -> 0 | I14: ='Eingabe Business Case'!I27-'letzte Finanzplanung'!I12 -> 0 | J14: ='Eingabe Business Case'!J27-'letzte Finanzplanung'!J12 -> 0 | ... L14: ='Eingabe Business Case'!L27-'letzte Finanzplanung'!L12 -> 0 | M14: =SUM(D14:K14) -> 0 | N14: =SUM(C14:L14) -> 0
B15: Sachkosten ohne Investitionen | C15: ='Eingabe Business Case'!C28-'letzte Finanzplanung'!C13 -> 0 | D15: ='Eingabe Business Case'!D28-'letzte Finanzplanung'!D13 -> 0 | E15: ='Eingabe Business Case'!E28-'letzte Finanzplanung'!E13 -> 0 | F15: ='Eingabe Business Case'!F28-'letzte Finanzplanung'!F13 -> 0 | G15: ='Eingabe Business Case'!G28-'letzte Finanzplanung'!G13 -> 0 | H15: ='Eingabe Business Case'!H28-'letzte Finanzplanung'!H13 -> 0 | I15: ='Eingabe Business Case'!I28-'letzte Finanzplanung'!I13 -> 0 | J15: ='Eingabe Business Case'!J28-'letzte Finanzplanung'!J13 -> 0 | ... L15: ='Eingabe Business Case'!L28-'letzte Finanzplanung'!L13 -> 0 | M15: =SUM(D15:K15) -> 0 | N15: =SUM(C15:L15) -> 0
B17: Zusätzliche stichtag FTEs | C17: ='Eingabe Business Case'!C30-'letzte Finanzplanung'!C15 -> 0 | D17: ='Eingabe Business Case'!D30-'letzte Finanzplanung'!D15 -> 0 | E17: ='Eingabe Business Case'!E30-'letzte Finanzplanung'!E15 -> 0 | F17: ='Eingabe Business Case'!F30-'letzte Finanzplanung'!F15 -> 0 | G17: ='Eingabe Business Case'!G30-'letzte Finanzplanung'!G15 -> 0 | H17: ='Eingabe Business Case'!H30-'letzte Finanzplanung'!H15 -> 0 | I17: ='Eingabe Business Case'!I30-'letzte Finanzplanung'!I15 -> 0 | J17: ='Eingabe Business Case'!J30-'letzte Finanzplanung'!J15 -> 0 | ... L17: ='Eingabe Business Case'!L30-'letzte Finanzplanung'!L15 -> 0 | M17: =SUM(D17:K17) -> 0 | N17: =SUM(C17:L17) -> 0
B19: Einnahmen | C19: =SUM(C20) -> 0 | D19: =SUM(D20) -> 0 | E19: =SUM(E20) -> 0 | F19: =SUM(F20) -> 0 | G19: =SUM(G20) -> 0 | H19: =SUM(H20) -> 0 | I19: =SUM(I20) -> 0 | J19: =SUM(J20) -> 0 | ... L19: =SUM(L20) -> 0 | M19: =SUM(D19:K19) -> 0 | N19: =SUM(C19:L19) -> 0
B20: Einnahmen | C20: ='Eingabe Business Case'!C33-'letzte Finanzplanung'!C18 -> 0 | D20: ='Eingabe Business Case'!D33-'letzte Finanzplanung'!D18 -> 0 | E20: ='Eingabe Business Case'!E33-'letzte Finanzplanung'!E18 -> 0 | F20: ='Eingabe Business Case'!F33-'letzte Finanzplanung'!F18 -> 0 | G20: ='Eingabe Business Case'!G33-'letzte Finanzplanung'!G18 -> 0 | H20: ='Eingabe Business Case'!H33-'letzte Finanzplanung'!H18 -> 0 | I20: ='Eingabe Business Case'!I33-'letzte Finanzplanung'!I18 -> 0 | J20: ='Eingabe Business Case'!J33-'letzte Finanzplanung'!J18 -> 0 | ... L20: ='Eingabe Business Case'!L33-'letzte Finanzplanung'!L18 -> 0 | M20: =SUM(D20:K20) -> 0 | N20: =SUM(C20:L20) -> 0
B22: Kostenreduktion (in den Projektkosten oben nicht enthalten) | C22: =SUM(C23) -> 0 | D22: =SUM(D23) -> 0 | E22: =SUM(E23) -> 0 | F22: =SUM(F23) -> 0 | G22: =SUM(G23) -> 0 | H22: =SUM(H23) -> 0 | I22: =SUM(I23) -> 0 | J22: =SUM(J23) -> 0 | ... L22: =SUM(L23) -> 0 | M22: =SUM(D22:K22) -> 0 | N22: =SUM(C22:L22) -> 0
B23: Kostenreduktion | C23: ='Eingabe Business Case'!C36-'letzte Finanzplanung'!C21 -> 0 | D23: ='Eingabe Business Case'!D36-'letzte Finanzplanung'!D21 -> 0 | E23: ='Eingabe Business Case'!E36-'letzte Finanzplanung'!E21 -> 0 | F23: ='Eingabe Business Case'!F36-'letzte Finanzplanung'!F21 -> 0 | G23: ='Eingabe Business Case'!G36-'letzte Finanzplanung'!G21 -> 0 | H23: ='Eingabe Business Case'!H36-'letzte Finanzplanung'!H21 -> 0 | I23: ='Eingabe Business Case'!I36-'letzte Finanzplanung'!I21 -> 0 | J23: ='Eingabe Business Case'!J36-'letzte Finanzplanung'!J21 -> 0 | ... L23: ='Eingabe Business Case'!L36-'letzte Finanzplanung'!L21 -> 0 | M23: =SUM(D23:K23) -> 0 | N23: =SUM(C23:L23) -> 0
B25: Reduktion stichtag FTEs | C25: ='Eingabe Business Case'!C38-'letzte Finanzplanung'!C23 -> 0 | D25: ='Eingabe Business Case'!D38-'letzte Finanzplanung'!D23 -> 0 | E25: ='Eingabe Business Case'!E38-'letzte Finanzplanung'!E23 -> 0 | F25: ='Eingabe Business Case'!F38-'letzte Finanzplanung'!F23 -> 0 | G25: ='Eingabe Business Case'!G38-'letzte Finanzplanung'!G23 -> 0 | H25: ='Eingabe Business Case'!H38-'letzte Finanzplanung'!H23 -> 0 | I25: ='Eingabe Business Case'!I38-'letzte Finanzplanung'!I23 -> 0 | J25: ='Eingabe Business Case'!J38-'letzte Finanzplanung'!J23 -> 0 | ... L25: ='Eingabe Business Case'!L38-'letzte Finanzplanung'!L23 -> 0 | M25: =SUM(D25:K25) -> 0 | N25: =SUM(C25:L25) -> 0

Sheet Tabelle2
A1: Ja
A2: Nein
A3: Teilweise
A5: Grundauftrag/Zusatzbudget
A6: Drittmittel
A7: Grundauftrag/Zusatzbudget & Drittmittel
A8: Reserven
